 Dungeon Crawl Stone Soup version 0.25-a0-558-g78a2afb0af (webtiles) character file.

Game seed: 17620442878493147067, levelgen mode: deterministic

34843 Flugslaktarn the Cleaver (level 13, 0/121 HPs)
             Began as a Deep Dwarf Fighter on Feb 24, 2020.
             Was the Champion of Makhleb.
             Slain by a vault guard
             ... wielding a +0 war axe
              (6 damage)
             ... on level 15 of the Dungeon.
             The game lasted 00:09:54 (10451 turns).

Flugslaktarn the Cleaver (Deep Dwarf Fighter)      Turns: 10451, Time: 00:09:54

Health: 0/121      AC: 20    Str: 23    XL:     13   Next: 44%
Magic:  0/0        EV:  6    Int: 11    God:    Makhleb [******]
Gold:   3905       SH: 12    Dex: 12    Spells: 12/12 levels left

rFire    . . .     SeeInvis .   a - +1 war axe
rCold    . . .     Gourm    .   c - +0 kite shield
rNeg     . . .     Faith    .   n - +0 plate armour
rPois    .         Spirit   .   L - +0 helmet (curse)
rElec    .         Reflect  .   y - +0 cloak
rCorr    .         Harm     .   s - +0 pair of gloves
MR       +++..                  f - +0 pair of boots
Stlth    ..........             (no amulet)
HPRegen  0.00/turn              m - ring of protection from magic
MPRegen  0.07/turn              M - ring of protection from magic

@: non-regenerating
A: damage resistance, heal wounds, sense surroundings 2, no regeneration
a: Heal Wounds, Minor Destruction, Lesser Servant of Makhleb, Major Destruction,
Greater Servant of Makhleb, Renounce Religion


You were on level 15 of the Dungeon.
You worshipped Makhleb.
Makhleb was exalted by your worship.
You were not hungry.

You visited 2 branches of the dungeon, and saw 16 of its levels.
You also visited: Ossuary.

You collected 3905 gold pieces.

Inventory:

Hand Weapons
 a - a +1 war axe (weapon)
Missiles
 p - 4 throwing nets (quivered)
Armour
 c - a +0 kite shield (worn)
 f - a +0 pair of boots (worn)
   (You found it on level 5 of the Dungeon)
 n - a +0 plate armour (worn)
   (You took it off an orc warrior on level 6 of the Dungeon)
 s - a +0 pair of gloves (worn)
   (You found it on level 1 of the Dungeon)
 y - a +0 cloak (worn)
   (You found it on level 7 of the Dungeon)
 L - a cursed +0 helmet (worn)
   (You found it on level 14 of the Dungeon)
Jewellery
 m - a ring of protection from magic (left hand)
   (You found it on level 10 of the Dungeon)
 M - a ring of protection from magic (right hand)
   (You found it on level 15 of the Dungeon)
Wands
 v - a wand of digging (10)
   (You found it on level 9 of the Dungeon)
 I - a wand of acid (2)
   (You found it on level 12 of the Dungeon)
Scrolls
 j - 2 scrolls of enchant weapon
 l - 4 scrolls of fear
 t - 16 scrolls of teleportation
 u - 2 scrolls of fog
 A - 2 scrolls of silence
 D - 3 scrolls of magic mapping
 E - 3 scrolls of amnesia
 F - 2 scrolls of enchant armour
 G - 2 scrolls of immolation
 J - 5 scrolls of remove curse
Potions
 b - 2 potions of ambrosia
 d - a potion of might
 g - 2 potions of magic
 h - 3 potions of haste
 i - a potion of lignification
 k - a potion of invisibility
 o - 2 potions of cancellation
 q - 6 potions of curing
 x - 2 potions of stabbing
 B - a potion of flight
 C - 4 potions of degeneration
Comestibles
 e - 17 rations
 z - a chunk of flesh


   Skills:
 + Level 9.4 Fighting
 * Level 14.6 Axes
 + Level 10.9 Armour
 + Level 11.0 Shields
 + Level 11.7 Invocations


You had 12 spell levels left.
You didn't know any spells.
Your spell library was empty.

Dungeon Overview and Level Annotations

Branches:
Dungeon (15/15)            Temple (1/1) D:4            Lair (0/6) D:9
    Orc (0/2) D:9          Vaults (0/5) D:14        Ossuary (visited)
 Depths: D:15

Altars:
Ashenzari
Cheibriados
Dithmenos
Elyvilon
Fedhas
Gozag
Hepliaklqana
Kikubaaqudgha
Makhleb
Nemelex Xobeh
Okawaru
Ru
Sif Muna
Trog
Wu Jian
Yredelemnul
Zin
The Shining One

Shops:
D:4 *   D:5 :

Portals:
Trove: D:10 (give horn of Geryon)

Annotations:
D:5 1 exclusion
D:11 exclusions: ice statue and orange crystal statue


Innate Abilities, Weirdness & Mutations

You are resistant to damage.
You can heal yourself by infusing magical energy.
You passively map the area around you.
You do not regenerate.


Message History

You hit the vault guard.
The vault guard is heavily wounded.
The vault guard hits you with a +0 war axe.
Your orange demon stings the vault guard but does no damage.
The vault guard blocks your attack.
The vault guard is heavily wounded.
The vault guard hits you with a +0 war axe!
* * * LOW HITPOINT WARNING * * *
Your orange demon stings the vault guard but does no damage.
The vault guard blocks your attack.
The vault guard is moderately wounded.
The vault guard blocks your attack.
The vault guard is moderately wounded.
Your orange demon stings the vault guard but does no damage.
The vault guard completely misses you.
You hit the vault guard.
The vault guard is heavily wounded.
Your orange demon stings the vault guard but does no damage.
The vault guard hits you with a +0 war axe!
You die...

, , * , , .# ,, , ,
... , , ,,, .... , ,
....##### ,, ,
........# , , ,,
#.....## , ,
...#.....###
,......p@4..#
.......≈≈≈.## #### , *
,.....#.≈≈≈..## ##.?##
......#.≈≈...###....##
,
+#.....#.....##......#
, ,
##.....#.....#4##...#
* +..............#.÷##
** ##+#.....#.....'†##
** * ##.....#....###


You could see a vault guard and a friendly orange demon.

Vanquished Creatures
  Kirke (D:14)
  Josephine (D:14)
  3 centaur warriors
  A deep troll earth mage (D:14)
  4 two-headed ogres
  4 unseen horrors
  Pikel (D:8)
  A wolf spider zombie (D:14)
  2 manticores (D:14)
  2 cyclopes (D:14)
  A gargoyle (D:14)
  A rime drake (shapeshifter) (D:14)
  A komodo dragon (D:9)
  A centaur skeleton (D:11)
  A komodo dragon (shapeshifter) (D:14)
  A freezing wraith (D:14)
  3 kobold demonologists
  2 trolls
  A queen bee (D:14)
  2 tengu conjurers (D:15)
  3 meliai (D:14)
  A merfolk (D:13)
  5 slime creatures (D:9)
  A hippogriff (shapeshifter) (D:14)
  4 hippogriffs
  A wyvern (D:11)
  A centaur simulacrum (D:14)
  A shadow (D:12)
  4 wraiths (D:14)
  A vampire (D:9)
  11 yaks
  A hungry ghost (D:14)
  A hog (D:14)
  A basilisk (D:14)
  A steam dragon (D:11)
  A floating eye (D:15)
  10 orc warriors
  3 black bears
  7 ice beasts
  A black bear (shapeshifter) (D:15)
  4 eyes of draining
  2 slaves (D:8)
  5 sky beasts
  7 ogres
  4 phantoms
  A boggart (shapeshifter) (D:14)
  A boggart (D:14)
  8 centaurs
  A crocodile (D:12)
  3 big kobolds
  14 bullfrogs
  A wyvern zombie (D:14)
  11 scorpions
  33 killer bees (D:14)
  6 wights
  6 howler monkeys
  4 crimson imps
  5 centaur zombies
  10 hounds
  A human zombie (Ossuary)
  10 jellies
  A bullfrog zombie (D:9)
  7 orc priests
  5 bullfrog skeletons
  5 iguanas
  9 orc wizards
  18 worker ants
  2 killer bee zombies
  2 big kobold zombies (Ossuary)
  2 hound zombies
  A hound skeleton (D:6)
  3 mummies (Ossuary)
  2 worker ant zombies
  13 adders
  19 gnolls
  3 scorpion zombies (Ossuary)
  2 shadow imps
  2 adder skeletons
  4 worms
  6 leopard geckos
  57 orcs
  3 giant cockroaches
  14 goblins
  13 hobgoblins
  8 jackals
  4 quokkas
  A ball python (D:4)
  8 bats
  3 frilled lizards
  2 hobgoblin zombies (Ossuary)
  A jackal skeleton (D:8)
  17 kobolds
  2 kobold zombies (Ossuary)
  A leopard gecko zombie (D:8)
  2 orc zombies (Ossuary)
  3 rats
475 creatures vanquished.

Vanquished Creatures (collateral kills)
  2 hydras
  A vault guard (D:15)
  An ugly thing (D:14)
  A guardian serpent (D:15)
  A hornet (D:15)
  A hippogriff (D:11)
  A wraith (D:15)
8 creatures vanquished.

Vanquished Creatures (others)
  8 plants (D:9)
8 creatures vanquished.

Grand Total: 491 creatures vanquished

Notes
Turn   | Place    | Note
-------+----------+-------------------------------------------
     0 | D:1      | Flugslaktarn the Deep Dwarf Fighter began the quest for the
                  | Orb.
     0 | D:1      | Reached XP level 1. HP: 20/20 MP: 1/1
    63 | D:1      | Reached XP level 2. HP: 27/27 MP: 2/2
   304 | D:2      | Reached skill level 3 in Axes
   304 | D:2      | Reached XP level 3. HP: 30/34 MP: 3/3
   702 | D:3      | Reached XP level 4. HP: 39/42 MP: 4/4
   745 | D:4      | Noticed a phantom
   771 | D:4      | Killed a phantom
   771 | D:4      | Reached skill level 4 in Axes
   771 | D:4      | Reached XP level 5. HP: 34/49 MP: 4/4
   892 | D:4      | Noticed a phantom
   893 | D:4      | Noticed an ogre
   895 | D:4      | Found a staircase to the Ecumenical Temple.
   922 | D:4      | Killed an ogre
   922 | D:4      | Reached XP level 6. HP: 33/57 MP: 3/3
  1001 | D:4      | Reached skill level 5 in Axes
  1006 | Temple   | Entered the Ecumenical Temple
  1024 | Temple   | Became a worshipper of Makhleb the Destroyer
  1245 | D:4      | Reached * piety under Makhleb
  1314 | D:4      | Reached skill level 1 in Invocations
  1314 | D:4      | Reached XP level 7. HP: 37/64 MP: 4/4
  1433 | D:4      | Found a glowing silver altar of Zin.
  1434 | D:4      | Found Zin's Purification Station.
  1944 | D:5      | Entered Level 5 of the Dungeon
  1944 | D:5      | Found a sand-covered staircase.
  1952 | D:5      | Reached skill level 5 in Armour
  1981 | Ossuary  | Entered an ossuary
  2012 | Ossuary  | Reached skill level 5 in Shields
  2026 | Ossuary  | Reached skill level 6 in Axes
  2053 | Ossuary  | Reached ** piety under Makhleb
  2142 | Ossuary  | Reached XP level 8. HP: 28/73 MP: 4/4
  2366 | D:5      | Found Vuwyaduh's Book Emporium.
  2513 | D:5      | Reached skill level 7 in Axes
  2784 | D:6      | Identified a scroll of acquirement
  2859 | D:6      | Reached skill level 5 in Fighting
  3190 | D:6      | Reached skill level 8 in Axes
  3280 | D:6      | Gained mutation: You passively map the area around you.
                  | [Deep Dwarf growth]
  3280 | D:6      | Reached XP level 9. HP: 67/81 MP: 6/6
  3292 | D:6      | Found an opulent altar of Gozag.
  3292 | D:6      | Found a white marble altar of Elyvilon.
  3293 | D:6      | Found a glowing golden altar of the Shining One.
  3376 | D:6      | Found a sparkling altar of Nemelex Xobeh.
  3583 | D:7      | Reached skill level 5 in Invocations
  3707 | D:7      | Reached *** piety under Makhleb
  3978 | D:7      | Found an ancient bone altar of Kikubaaqudgha.
  4091 | D:7      | Found a hazy altar of Hepliaklqana.
  4210 | D:8      | Reached skill level 9 in Axes
  4232 | D:8      | You fall into a shaft and drop 2 floors!
  4232 | D:10     | Entered Level 10 of the Dungeon
  4327 | D:10     | Noticed a troll
  4341 | D:10     | Killed a troll
  4519 | D:10     | Found a portal to a secret trove of treasure.
  4635 | D:9      | Found a staircase to the Orcish Mines.
  4639 | D:9      | Reached XP level 10. HP: 91/91 MP: 8/8
  4648 | D:9      | Reached **** piety under Makhleb
  4784 | D:9      | Reached skill level 10 in Axes
  4943 | D:9      | Killed an unseen horror
  4950 | D:9      | Noticed a two-headed ogre
  4968 | D:9      | Killed a two-headed ogre
  5075 | D:9      | Found a staircase to the Lair.
  5089 | D:9      | Reached skill level 11 in Axes
  5130 | D:9      | Noticed a two-headed ogre
  5140 | D:9      | Killed a two-headed ogre
  5140 | D:9      | Reached XP level 11. HP: 63/100 MP: 7/7
  5797 | D:8      | Noticed a two-headed ogre
  5813 | D:8      | Killed a two-headed ogre
  5920 | D:8      | Reached ***** piety under Makhleb
  5960 | D:8      | Found a bloodstained altar of Trog.
  6276 | D:8      | Noticed Pikel
  6303 | D:8      | Killed Pikel
  6517 | D:11     | Noticed a six-headed hydra
  6555 | D:11     | Killed an 11-headed hydra
  6739 | D:11     | Reached skill level 12 in Axes
  7063 | D:11     | Noticed a two-headed ogre
  7074 | D:11     | Killed a two-headed ogre
  7267 | D:11     | Noticed an orange crystal statue
  7712 | D:12     | Reached XP level 12. HP: 99/110 MP: 7/7
  7949 | D:13     | Noticed a centaur warrior
  7963 | D:13     | Killed a centaur warrior
  7963 | D:13     | Reached skill level 10 in Invocations
  8010 | D:13     | Noticed a centaur warrior
  8026 | D:13     | Killed a centaur warrior
  8026 | D:13     | Reached skill level 13 in Axes
  8744 | D:14     | Reached skill level 10 in Shields
  8755 | D:14     | Reached skill level 10 in Armour
  8769 | D:14     | Noticed Josephine
  8772 | D:14     | Reached ****** piety under Makhleb
  8790 | D:14     | Killed Josephine
  8857 | D:14     | Noticed a centaur warrior
  8869 | D:14     | Killed a centaur warrior
  8884 | D:14     | Found a gate to the Vaults.
  9156 | D:14     | Noticed a two-headed ogre
  9156 | D:14     | a death drake changed into a two-headed ogre
  9174 | D:14     | Reached skill level 14 in Axes
  9174 | D:14     | Reached XP level 13. HP: 55/121 MP: 5/6
  9875 | D:14     | Noticed Kirke
  9890 | D:14     | Noticed a sphinx
  9893 | D:14     | Killed Kirke
 10254 | D:15     | Entered Level 15 of the Dungeon
 10264 | D:14     | HP: 1/121 [seven-headed hydra (6)]
 10345 | D:15     | Found a shadowy altar of Dithmenos.
 10394 | D:15     | HP: 6/121 [wraith (4)]
 10434 | D:15     | Paralysed by a floating eye for 2 turns
 10448 | D:15     | HP: 6/121 [vault guard/+0 war axe (11)]
 10451 | D:15     | Slain by a vault guard

Levels and vault maps discovered:
D:1:      dpeg_arrival_shelter, layout_basic, tso_metal_star
D:2:      layout_basic
D:3:      layout_basic, overflow_temple_1_default,
          minmay_overflow_temple_star_quad
D:4:      corexii_shantytown, layout_basic, zin_purify,
          minmay_temple_entry_glass, nrook_campfire
D:5:      cheibrodos_two_vegetables, layout_rooms, nicolae_ossuary_entry_ruins,
          serial_shops, shop, first_ration
D:6:      layout_loops_ring, gammafunk_temple_overflow_claw, marbit_many_paths
D:7:      layout_basic, kiku_gazebo_garden_becter, basic_altar
D:8:      layout_cave_pods, tgw_trog, uniq_pikel
D:9:      layout_basic, david_lair_shrubbed
D:10:     layout_basic, nicolae_trove_entry_free_sample
D:11:     layout_basic, gauntlet_entry_generic, david_greed
D:12:     layout_basic, special_room [special_room_orc]
D:13:     layout_roguey, hangedman_fish_farm
D:14:     regret_index_combs_of_tragedy, layout_long_grid, david_vaults_2,
          drop_trap, uniq_kirke, uniq_josephine
D:15:     hangedman_spin_cycle
Temple:   minmay_freezing_vapour_temple

Skill      XL: |  1  2  3  4  5  6  7  8  9 10 11 12 13 |
---------------+----------------------------------------+-----
Fighting       | 3 4 5 6 7 8 9 |  9.4
Axes           | 3 4 5 6 8 9 11 12 14 | 14.6
Armour         | 4 5 6 7 8 9 10 | 10.9
Shields        | 4 5 6 7 8 9 10 11 | 11.0
Invocations    | 1 3 4 6 8 9 11 | 11.7

Action                   |  1- 3 |  4- 6 |  7- 9 | 10-12 | 13-15 || total
-------------------------+-------+-------+-------+-------+-------++-------
Melee: War axe           |    99 |   185 |   565 |   948 |   297 ||  2094
Invok: Lesser Servant of |       |       |       |     2 |     4 ||     6
       Greater Servant o |       |       |       |     1 |     1 ||     2
 Abil: Heal Wounds       |     1 |    11 |     8 |    24 |    11 ||    55
  Use: Scroll            |       |       |    22 |     1 |     6 ||    29
       Potion            |       |       |       |       |     3 ||     3
  Eat: Chunk             |       |     2 |     9 |    16 |     2 ||    29
       Ration            |       |       |     1 |       |     3 ||     4
Armor: Scale mail        |    55 |    52 |   107 |       |       ||   214
       Plate armour      |       |       |   194 |   736 |   254 ||  1184
Dodge: Dodged            |    34 |    45 |   134 |   225 |    84 ||   522
Block: Kite shield       |    64 |    97 |   346 |   680 |   234 ||  1421

Table legend:
 A = Non-vault XP
 B = Vault XP
 C = Vault XP percentage of total XP
 D = Non-vault monster count
 E = Vault monster count
 F = Vault count percentage of total count
                 A         B        C        D         E       F
            +---------+---------+-------+---------+---------+-------
      Total |   30656 |   19121 |  38.4 |     303 |     178 |  37.0
            +---------+---------+-------+---------+---------+-------
        D:1 |      17 |       0 |   0.0 |      10 |       0 |   0.0
        D:2 |      63 |       0 |   0.0 |      22 |       0 |   0.0
        D:3 |      63 |       0 |   0.0 |       5 |       0 |   0.0
        D:4 |     545 |     186 |  25.4 |      15 |      42 |  73.7
        D:5 |     171 |       1 |   0.6 |      10 |       1 |   9.1
        D:6 |    1084 |      36 |   3.2 |      24 |       1 |   4.0
        D:7 |     970 |       0 |   0.0 |      33 |       0 |   0.0
        D:8 |    2711 |     646 |  19.2 |      26 |       6 |  18.8
        D:9 |    5690 |     378 |   6.2 |      40 |       1 |   2.4
       D:10 |    1247 |       0 |   0.0 |      17 |       0 |   0.0
       D:11 |    4524 |       0 |   0.0 |      34 |       0 |   0.0
       D:12 |    3661 |     908 |  19.9 |      23 |      26 |  53.1
       D:13 |    3134 |     298 |   8.7 |      20 |       1 |   4.8
       D:14 |    6776 |   13608 |  66.8 |      24 |      68 |  73.9
       D:15 |       0 |    2279 | 100.0 |       0 |       8 | 100.0
    Ossuary |       0 |     781 | 100.0 |       0 |      24 | 100.0
            +---------+---------+-------+---------+---------+-------
